 Dungeon Crawl Stone Soup version 0.31-a0-198-g2ad674f65e (webtiles) character file.

Game seed: 10864636003978385942

217 qw the Skirmisher (level 5, -7/29 HPs)
             Began as a Deep Elf Hunter on June 25, 2023.
             Mangled by an orc priest
             ... wielding a +2 falchion of protection
              (9 damage)
             ... on level 3 of the Dungeon.
             The game lasted 00:01:05 (2818 turns).

qw the Skirmisher (Deep Elf Hunter)                 Turns: 2818, Time: 00:01:05

Health: -7/29      AC:  5    Str: 10    XL:     5   Next: 61%
Magic:  7/7        EV: 16    Int: 14    God:
Gold:   150        SH:  0    Dex: 18    Spells: 4/4 levels left

rFire   . . .        Y - +0 shortbow
rCold   . . .        (shield currently unavailable)
rNeg    . . .        d - +0 ring mail
rPois   .            (no helmet)
rElec   .            (no cloak)
rCorr   .            (no gloves)
SInv    .            (no boots)
Will    .....        (no amulet)
Stlth   +            a - +5 ring of evasion
HPRegen 0.24/turn    (no ring)
MPRegen 0.10/turn

%: no passive effects
@: about to teleport
A: no striking features
a: no special abilities


You were on level 3 of the Dungeon.
You visited 1 branch of the dungeon, and saw 4 of its levels.

You collected 150 gold pieces.


   Skills:
 + Level 1.6 Fighting
 - Level 9.1 Ranged Weapons
 - Level 2.4 Dodging
 - Level 1.2 Stealth


You had 4 spell levels left.
You didn't know any spells.
Your spell library was empty.

Inventory:

Hand Weapons
 Y - a +0 shortbow (weapon)
Armour
 d - a +0 ring mail (worn)
Jewellery
 a - a +5 ring of evasion (left hand)
Potions
 e - a potion of curing
 f - a potion of magic {unknown}

Dungeon Overview and Level Annotations

Branches:
Dungeon (4/15)
 Temple: D:4-7

Altars:
Gozag


Message History

The orc priest calls down the wrath of Beogh upon you.
Pain shoots through your body!
2808 ||| STAIRDANCE The orc priest hits you with a +2 falchion of protection.
You climb upwards.
There is a stone staircase leading down here.
You shoot an arrow.
The arrow hits the orc priest but does no damage.
The orc priest is lightly wounded.
The orc priest hits you with a +2 falchion of protection.
You shoot an arrow. The arrow hits the orc priest.
The orc priest is heavily wounded.
The orc priest completely misses you.
You shoot an arrow.
The arrow hits the orc priest but does no damage.
The orc priest is heavily wounded.
The orc priest hits you with a +2 falchion of protection.
You shoot an arrow. The arrow hits the orc priest.
The orc priest is heavily wounded.
The orc priest hits you with a +2 falchion of protection.
You shoot an arrow. The arrow hits the orc priest.
The orc priest is almost dead.
The orc priest closely misses you.
You shoot an arrow.
The arrow closely misses the orc priest.
The orc priest hits you with a +2 falchion of protection!
The orc priest completely misses you.
2816 ||| READING scroll of teleportation.
As you read the scroll of teleportation, it crumbles to dust.
You feel strangely unstable.
The orc priest hits you with a +2 falchion of protection.
You shoot an arrow.
The arrow hits the orc priest but does no damage.
The orc priest is almost dead.
The orc priest hits you but does no damage.
You shoot an arrow.
The arrow hits the orc priest but does no damage.
The orc priest is almost dead.
The orc priest hits you with a +2 falchion of protection!
You die...

#..##.........#......#..#.#
#.#
####..#####.....##..##.#..#.#
#.#
.........##.....##.###.#..#.#
#.# .....(...##.....#..#
#.#..#.# #.#
.........##.....#.## #.#..#.#
#.# ..........#.....#.#
#.#..#.# #.#
........).[)##+##.# #.#..#.#
#.#
.........##....#.o####.#..#.#
#.#
.........####...@[..........#
#.# .........#
##.#######.#..### #.#
########## #.# #.#..#####.#
#.#######.#........#
#.#..........#######
#.......#.#..# #.........#..#
#.#.<#.####..# #............#


You could see an orc priest.

Vanquished Creatures
  An orc priest (D:4)
  2 orc wizards
  6 adders
  A worm (D:3)
  A dart slug (D:2)
  5 orcs (D:3)
  6 endoplasms
  A giant cockroach (D:1)
  6 goblins
  6 hobgoblins
  3 jackals (D:2)
  2 quokkas
  11 ball pythons
  3 bats
  4 frilled lizards
  10 kobolds
  7 rats
75 creatures vanquished.

Notes
Turn   | Place    | Note
-------+----------+-------------------------------------------
     0 | D:1      | qw the Deep Elf Hunter began the quest for the Orb.
     0 | D:1      | Reached XP level 1. HP: 12/12 MP: 3/3
     0 | D:1      | 0 ||| qw: Version: 0.3-a-22-g0ed2b0b
     0 | D:1      | 0 ||| qw: Game counter: 5186
     0 | D:1      | 0 ||| qw: Melee chars always use a shield: true
     0 | D:1      | 0 ||| qw: God list: Okawaru
     0 | D:1      | 0 ||| qw: Allow faded altars: false
     0 | D:1      | 0 ||| qw: Do Orc after clearing Dungeon:15 true
     0 | D:1      | 0 ||| qw: Do second Lair branch before Depths: true
     0 | D:1      | 0 ||| qw: Lair rune preference: random
     0 | D:1      | 0 ||| qw: Goals: Normal
     0 | D:1      | 0 ||| PLANNING D:1-11
   124 | D:1      | Reached XP level 2. HP: 16/16 MP: 4/4
   154 | D:1      | Reached skill level 6 in Ranged Weapons
   628 | D:1      | Found a faded altar of an unknown god.
   794 | D:1      | 794 ||| READING scroll labelled YZXO JITOZXAFA.
   795 | D:1      | 795 ||| READING scroll labelled VUSMAMM PUAF.
   796 | D:1      | 796 ||| DROPPING scroll of butterflies.
   862 | D:2      | Reached XP level 3. HP: 11/20 MP: 5/5
   887 | D:2      | Reached skill level 7 in Ranged Weapons
  1120 | D:2      | Found an opulent altar of Gozag.
  1274 | D:2      | Reached XP level 4. HP: 25/25 MP: 6/6
  1481 | D:2      | 1481 ||| UPGRADING to +0 ring mail.
  1491 | D:2      | 1491 ||| DROPPING +0 leather armour.
  1492 | D:2      | 1492 ||| READING scroll labelled VUNOECO DUSA.
  1593 | D:2      | 1593 ||| READING scroll labelled HOJACEP OCEEZAFIY.
  1596 | D:2      | 1596 ||| READING 2 scrolls labelled LEOREL FYGHIBA.
  1597 | D:2      | 1597 ||| READING scroll labelled ERAPRO AQESI.
  1598 | D:2      | 1598 ||| DRINKING 2 red potions.
  1599 | D:2      | 1599 ||| DRINKING 2 sedimented brown potions.
  1600 | D:2      | 1600 ||| DROPPING potion of brilliance.
  1601 | D:2      | 1601 ||| DROPPING scroll of noise.
  1950 | D:3      | Reached skill level 8 in Ranged Weapons
  2052 | D:3      | Reached XP level 5. HP: 13/29 MP: 7/7
  2083 | D:3      | 2083 ||| FLEEEEING.
  2418 | D:3      | 2418 ||| Stepping ~*~*~tactically~*~*~ (outnumbered).
  2419 | D:3      | 2419 ||| Stepping ~*~*~tactically~*~*~ (outnumbered).
  2583 | D:3      | 2583 ||| UPGRADING to +5 ring of evasion.
  2594 | D:4      | 2594 ||| PLANNING SEWER
  2602 | D:4      | 2602 ||| FLEEEEING.
  2603 | D:4      | 2603 ||| FLEEEEING.
  2604 | D:4      | 2604 ||| FLEEEEING.
  2605 | D:4      | 2605 ||| FLEEEEING.
  2606 | D:4      | 2606 ||| FLEEEEING.
  2607 | D:4      | 2607 ||| FLEEEEING.
  2608 | D:4      | 2608 ||| STAIRDANCE
  2642 | D:4      | 2642 ||| STAIRDANCE
  2668 | D:4      | Reached skill level 9 in Ranged Weapons
  2669 | D:4      | 2669 ||| STAIRDANCE
  2729 | D:4      | 2729 ||| STAIRDANCE
  2808 | D:4      | 2808 ||| STAIRDANCE
  2815 | D:3      | HP: 4/29 [orc priest/+2 falchion of protection (7)]
  2816 | D:3      | 2816 ||| READING scroll of teleportation.
  2818 | D:3      | Mangled by an orc priest

Levels and vault maps discovered:
D:1:      saegor_arrival_simple_d, layout_basic,
          dreamdust_ecumenical_altar_statues, minmay_pentomino_o4
D:2:      layout_basic, basic_altar
D:3:      cheibrodos_old_hovel, layout_basic
D:4:      layout_rooms, marbit_many_paths, mainiacjoe_overflow_surrounded_room,
          portal_sewer_entry_b, minmay_misc_feat_alley

Skill      XL: |  1  2  3  4  5 |
---------------+----------------+-----
Ranged Weapons | 6 7 8 9 |  9.1
Fighting       | |  1.6
Dodging        | |  2.4
Stealth        | |  1.2

Action                     |  1- 3 |  4- 6 || total
---------------------------+-------+-------++-------
   Fire: Shortbow          |   127 |   108 ||   235
    Use: Scroll            |     2 |     5 ||     7
         Potion            |       |     2 ||     2
 Armour: Leather armour    |    14 |       ||    14
         Ring mail         |       |    11 ||    11
  Dodge: Dodged            |    25 |    38 ||    63

Table legend:
 A = Non-vault XP
 B = Vault XP
 C = Vault XP percentage of total XP
 D = Non-vault monster count
 E = Vault monster count
 F = Vault count percentage of total count
                 A         B        C        D         E       F
            +---------+---------+-------+---------+---------+-------
      Total |     304 |       6 |   1.9 |      71 |       4 |   5.3
            +---------+---------+-------+---------+---------+-------
        D:1 |      31 |       5 |  13.9 |      19 |       3 |  13.6
        D:2 |      78 |       0 |   0.0 |      25 |       0 |   0.0
        D:3 |     120 |       1 |   0.8 |      24 |       1 |   4.0
        D:4 |      75 |       0 |   0.0 |       3 |       0 |   0.0
            +---------+---------+-------+---------+---------+-------
